[Event "Team 45 45 League T28"]
[Site "Internet Chess Club"]
[Date "2005.09.24"]
[Round "2"]
[White "DocHoliday"]
[Black "garethn"]
[Result "1/2-1/2"]
[WhiteElo "1754"]
[BlackElo "1724"]
[TimeControl "2700+45"]

1. e4 e5 2. Nf3 Nc6 3. Bb5 Bc5 4. O-O Nge7 5. c3 Bb6 6. d4 exd4 7. cxd4 d5 8.
exd5 Nxd5 9. Re1+ Be6 10. Nc3 O-O 11. Bxc6 bxc6 12. Ng5 Qf6 13. Nxd5 Bxd5 14.
Qd3 Qg6 15. Qxg6 fxg6 16. Be3 Rad8 17. b3 h6 18. Nh3 Bf7 19. Rac1 Bxd4 20. Bxd4
Rxd4 21. Rxc6 Rd2 22. Ra6 Ra8 23. f3 Rc2 24. Nf4 c5 25. Re7 c4 26. bxc4 Rxc4 27.
Nxg6 Rc1+ 28. Kf2 Rc2+ 29. Kg3 Rxa2 30. Rc6 Re8 31. Rxe8+ Bxe8 32. Rc8 Kf7 33.
Ne5+ Ke7 34. Nd3 a6 35. Rc7+ Kf6 36. Ra7 a5 37. Nc1 Rc2 38. Ra6+ Rc6 39. Rxc6+
Bxc6 40. Kf4 a4 41. Na2 g5+ 42. Ke3 Ke5 43. g3 Bd5 44. Nc3 a3 45. h4 a2 46. Nxa2
gxh4 47. Nc3 h3 48. Kf2 h2 49. Kg2 h1=Q+ 50. Kxh1 Bxf3+ 51. Kh2 Kd4 52. Nb5+ Ke5
53. Kh3 Kf6 54. Kh4 Kg6 55. Nd4 Bd1 56. Ne6 Kf6 57. Nf4 Kg7 58. Kh3 Kf6 59. Kg2
Kg5 60. Kf2 Kg4 61. Ng2 Kh3 62. Ne3 Bg4 63. Ng2 Bd1 64. Nf4+ Kg4 65. Ng2 Kh3
{Game drawn by repetition} 1/2-1/2

[Event "Team 45 45 League T28"]
[Site "Internet Chess Club"]
[Date "2005.09.23"]
[Round "2"]
[White "TheBrewer"]
[Black "Chessnut"]
[Result "1-0"]
[WhiteElo "1589"]
[BlackElo "1688"]
[TimeControl "2700+45"]

1. d4 d5 2. Nf3 Nf6 3. e3 e6 4. Bd3 Be7 5. Nbd2 O-O 6. e4 dxe4 7. Nxe4 Nxe4 8.
Bxe4 Nd7 9. O-O Nf6 10. Bd3 b6 11. c3 Bb7 12. Ng5 h6 13. Nf3 c5 14. Bc2 cxd4 15.
Nxd4 Qc7 16. Qd3 Rfd8 17. Qh3 Bf8 18. Ne2 Ba6 19. Re1 Rd7 20. Qh4 Rad8 21. Bxh6
gxh6 22. Qxf6 Bg7 23. Qf3 Rd2 24. Bb3 Rc2 25. Bxc2 {Black resigns} 1-0

[Event "Team 45 45 League T28"]
[Site "Internet Chess Club"]
[Date "2005.09.23"]
[Round "2"]
[White "RingLord"]
[Black "wojozim"]
[Result "1/2-1/2"]
[WhiteElo "1599"]
[BlackElo "1534"]
[TimeControl "2700+45"]

1. e4 c5 2. Nc3 Nc6 3. Bb5 Nf6 4. d3 Qc7 5. f4 e6 6. e5 Nd5 7. Nxd5 exd5 8. c3
a6 9. Bxc6 Qxc6 10. Nf3 d6 11. O-O Bg4 12. h3 Bxf3 13. Qxf3 Be7 14. Qg4 O-O 15.
Rf3 f5 16. exf6 Bxf6 17. f5 Rae8 18. Bg5 Qd7 19. Bxf6 Rxf6 20. Raf1 Re2 21. R3f2
Rxf2 22. Rxf2 Qb5 23. Qf3 c4 24. d4 g6 25. Qg3 Qe8 26. Rf1 Qf8 27. Re1 Rxf5 28.
Qe3 Qf7 29. Qe8+ Qf8 30. Qd7 Rf7 31. Qe6 Kg7 32. Qxd5 b5 33. Qc6 Rf2 34. Qb7+
Kh6 35. Qe4 Qf4 36. Qxf4+ Rxf4 37. Re6 Kg5 38. Rxd6 Re4 39. Rxa6 Re2 40. b3 cxb3
41. axb3 Rc2 42. Rc6 Kf4 43. c4 Rc3 44. d5 Rxb3 45. d6 bxc4 46. Rxc4+ Ke5 47. d7
Rd3 48. Rc7 Ke6 49. d8=Q Rxd8 50. Rxh7 Rg8 51. Kf2 Kf5 52. Kg3 g5 53. Rf7+ Kg6
54. Ra7 Kh5 55. Ra5 Rb8 56. Rf5 Rb3+ 57. Rf3 Rb4 58. Kh2 g4 59. Rf8 gxh3 60.
Rh8+ Kg5 61. Kxh3 Rb3+ 62. g3 Rb6 63. Rg8+ Kf5 64. g4+ Kf6 65. Kh4 Kf7 66. Rh8
Kg7 67. Rh5 Rh6 68. g5 Rxh5+ 69. Kxh5 Kh7 {Game drawn by mutual agreement}
1/2-1/2

[Event "Team 45 45 League T28"]
[Site "Internet Chess Club"]
[Date "2005.09.25"]
[Round "2"]
[White "Egmont"]
[Black "crapalot"]
[Result "0-1"]
[WhiteElo "1696"]
[BlackElo "1842"]
[TimeControl "2700+45"]

1. e4 e6 2. d4 d5 3. Nc3 Bb4 4. Bd3 Nf6 5. e5 Nfd7 6. Qg4 g6 7. Bh6 c5 8. dxc5
Bxc3+ 9. bxc3 Nxe5 10. Qd4 Nbc6 11. Bb5 Qf6 12. f4 Qh4+ 13. g3 Qxh6 14. Qxe5 O-O
15. Bxc6 bxc6 16. Qc7 Qg7 17. Ne2 Ba6 18. Qa5 Bxe2 19. Kxe2 Rfe8 20. Rae1 e5 21.
fxe5 Rxe5+ 22. Kd1 Rb8 23. Kd2 Qh6+ 24. Kd3 Rbe8 25. Rxe5 Rxe5 {White resigns}
0-1

[Event "Team 45 45 League T28"]
[Site "Internet Chess Club"]
[Date "2005.10.02"]
[Round "2"]
[White "Mikey29a"]
[Black "chinta"]
[Result "1/2-1/2"]
[WhiteElo "1629"]
[BlackElo "1641"]
[TimeControl "2700+45"]

1. e4 c5 2. Nf3 d6 3. d4 cxd4 4. Nxd4 Nf6 5. Nc3 a6 6. Be3 e5 7. Nb3 Be6 8. Qd2
Ng4 9. f3 Nxe3 10. Qxe3 Be7 11. g3 Nc6 12. Bd3 Rc8 13. h4 h5 14. O-O-O Nb4 15.
Kb1 Bxb3 16. cxb3 Qa5 17. a3 Rxc3 18. axb4 Qxb4 19. bxc3 Qxb3+ 20. Ka1 Qa3+ 21.
Kb1 Qb3+ 22. Ka1 {Game drawn by mutual agreement} 1/2-1/2

[Event "Team 45 45 League T28"]
[Site "Internet Chess Club"]
[Date "2005.09.23"]
[Round "2"]
[White "NFK"]
[Black "Lyko"]
[Result "1-0"]
[WhiteElo "1721"]
[BlackElo "1513"]
[TimeControl "2700+45"]

1. e4 e6 2. d4 d5 3. Nc3 Bb4 4. a3 Bxc3+ 5. bxc3 Nd7 6. e5 f6 7. f4 c5 8. Nf3
cxd4 9. cxd4 fxe5 10. fxe5 Ne7 11. Ng5 Nb6 12. Bb5+ Bd7 13. Nxe6 Qc8 14. Bxd7+
Qxd7 15. Nxg7+ Kd8 16. O-O Rg8 17. e6 Qc6 18. Rf7 Rc8 19. Bg5 Rc7 20. Qf3 {Black
resigns} 1-0

[Event "Team 45 45 League T28"]
[Site "Internet Chess Club"]
[Date "2005.09.24"]
[Round "2"]
[White "fledermaus"]
[Black "nminwalla"]
[Result "1/2-1/2"]
[WhiteElo "2056"]
[BlackElo "1975"]
[TimeControl "2700+45"]

1. d4 d5 2. c4 e6 3. Nc3 Nf6 4. Bg5 Be7 5. e3 O-O 6. Nf3 b6 7. Qc2 Bb7 8. Bxf6
Bxf6 9. cxd5 exd5 10. Bd3 g6 11. h4 c5 12. O-O-O Nc6 13. h5 cxd4 14. exd4 Nxd4
15. Nxd4 Bxd4 16. hxg6 fxg6 17. Bxg6 Qg5+ 18. Kb1 Qxg6 19. Qxg6+ hxg6 20. Rxd4
Rxf2 21. Rdh4 Bc6 22. Rh8+ Kf7 23. R1h7+ Ke6 24. Rxa8 Bxa8 25. Rxa7 Bc6 26. Ra6
{Game drawn by mutual agreement} 1/2-1/2

[Event "Team 45 45 League T28"]
[Site "Internet Chess Club"]
[Date "2005.09.24"]
[Round "2"]
[White "kabindra"]
[Black "viking99"]
[Result "1-0"]
[WhiteElo "1881"]
[BlackElo "1843"]
[TimeControl "2700+45"]

1. e4 e6 2. d4 d5 3. Nc3 Bb4 4. e5 c5 5. a3 Bxc3+ 6. bxc3 Ne7 7. a4 Qa5 8. Bd2
c4 9. Nf3 Bd7 10. Qb1 Nbc6 11. Be2 Rb8 12. O-O O-O 13. Qe1 a6 14. Bg5 h6 15. Bf4
Ng6 16. Be3 Na7 17. Qd2 Kh7 18. h4 Bxa4 19. h5 Ne7 20. g4 Qb5 21. g5 Nf5 22.
gxh6 gxh6 23. Kh2 Nxe3 24. fxe3 Nc8 25. Nh4 Ne7 26. Rf6 Ng8 27. Rf4 Qd7 28. Raf1
Qe7 29. Bd1 b6 30. Qf2 Be8 31. Ng6 fxg6 32. Rxf8 gxh5 33. Bxh5 Rd8 34. Bxe8 Rxe8
35. Rf7+ {Black resigns} 1-0

[Event "Team 45 45 League T28"]
[Site "Internet Chess Club"]
[Date "2005.09.26"]
[Round "2"]
[White "Winclick"]
[Black "jongalt97"]
[Result "1/2-1/2"]
[WhiteElo "1734"]
[BlackElo "1693"]
[TimeControl "1800+45"]

1. d4 Nf6 2. c4 e6 3. Nc3 Bb4 4. e3 c5 5. Ne2 cxd4 6. exd4 d5 7. a3 Ba5 8. b4
Bc7 9. cxd5 Nxd5 10. g3 O-O 11. Bg2 b6 12. O-O Bb7 13. Nb5 Qd7 14. Nxc7 Qxc7 15.
Qb3 Nd7 16. Bb2 N7f6 17. Rfc1 Qd7 18. a4 Rac8 19. b5 Rxc1+ 20. Nxc1 Rc8 21. Nd3
h6 22. Ne5 Qd8 23. Rd1 Qc7 24. Rc1 Qd8 25. Nc6 Bxc6 26. bxc6 Qc7 27. Ba3 g6 28.
a5 Kg7 29. axb6 axb6 30. Qb5 Rb8 31. h4 g5 32. hxg5 hxg5 33. Rc2 Ra8 34. Bb2 Ra5
35. Qb3 Ra8 36. Rc1 Rb8 37. Qb5 Ra8 38. Qb3 Ra5 39. Rc2 Ra8 40. Rc1 Ra5 {Game
drawn by mutual agreement} 1/2-1/2

[Event "Team 45 45 League T28"]
[Site "Internet Chess Club"]
[Date "2005.09.23"]
[Round "2"]
[White "Gardener"]
[Black "bmw2002"]
[Result "0-1"]
[WhiteElo "1630"]
[BlackElo "1577"]
[TimeControl "2700+45"]

1. d4 Nf6 2. Nf3 g6 3. e3 Bg7 4. c3 O-O 5. Nbd2 d5 6. Bd3 b6 7. O-O c5 8. dxc5
bxc5 9. e4 d4 10. cxd4 cxd4 11. Qe2 a6 12. b3 Nh5 13. Nc4 Re8 14. Re1 Nc6 15. a3
e5 16. h3 Bb7 17. Nh2 Qc7 18. Qf3 Ne7 19. Ng4 f5 20. exf5 Bxf3 {White resigns}
0-1

[Event "Team 45 45 League T28"]
[Site "Internet Chess Club"]
[Date "2005.09.24"]
[Round "2"]
[White "quangliem"]
[Black "iwulu"]
[Result "1-0"]
[WhiteElo "2345"]
[BlackElo "2306"]
[TimeControl "2700+45"]

1. d4 d5 2. c4 c6 3. Nc3 Nf6 4. e3 e6 5. Nf3 Nbd7 6. Bd3 Bd6 7. O-O O-O 8. e4
dxc4 9. Bxc4 e5 10. Bg5 Qe7 11. Re1 Rd8 12. d5 Nb6 13. Bb3 Bg4 14. h3 Bh5 15. g4
Bg6 16. Nh4 a5 17. a3 Bc5 18. Qf3 Bd4 19. dxc6 bxc6 20. Nf5 Bxf5 21. exf5 Rac8
22. Ne4 Bxb2 23. Bxf6 gxf6 24. g5 fxg5 25. f6 Qf8 26. Nxg5 Nd5 27. Bxd5 cxd5 28.
Kh1 Bxa1 29. Qh5 h6 30. Rg1 {Black resigns} 1-0

[Event "Team 45 45 League T28"]
[Site "Internet Chess Club"]
[Date "2005.09.25"]
[Round "2"]
[White "SkinnyPuppy"]
[Black "vutru"]
[Result "0-1"]
[WhiteElo "2183"]
[BlackElo "2242"]
[TimeControl "2700+45"]

1. e4 c5 2. Nc3 d6 3. Bb5+ Bd7 4. Bxd7+ Qxd7 5. f4 Nc6 6. Nf3 g6 7. O-O Bg7 8.
d3 e6 9. Qe1 Nge7 10. Bd2 Rb8 11. Qh4 b5 12. Rae1 Nd4 13. Nxd4 cxd4 14. Ne2 O-O
15. c3 dxc3 16. Bxc3 Bxc3 17. bxc3 f5 18. Nd4 e5 19. exf5 Nxf5 20. Nxf5 Rxf5 21.
fxe5 Rxf1+ 22. Rxf1 dxe5 23. Qe4 Re8 24. Re1 Qf7 25. Qe2 Qd5 26. Qc2 Rc8 27. Rc1
Rd8 28. Rd1 Rc8 29. Rc1 Rd8 30. Rd1 Qc5+ 31. Qf2 Qxc3 32. Qxa7 Rxd3 33. Qb8+ Kg7
34. Rf1 Qd4+ 35. Kh1 Qf4 36. Kg1 Qe3+ 37. Kh1 Qf4 38. Kg1 Qd4+ 39. Kh1 Qc5 40.
Qb7+ Kh6 41. Qe4 Qd4 42. Qe1 b4 43. Qc1+ Qe3 44. Qb1 Qd2 45. Qa1 Qc3 46. Qb1 e4
47. Rc1 Qd2 48. Rg1 e3 49. Qf1 Kg7 50. Qf4 e2 51. Qe5+ Kh6 52. Qe7 Qe3 53. Qxe3+
Rxe3 54. Re1 Ra3 55. Kg1 Rxa2 56. Kf2 Kg5 57. Rb1 e1=Q+ 58. Kxe1 Rxg2 59. Rxb4
Rxh2 60. Kf1 h5 61. Kg1 Ra2 62. Kh1 h4 63. Kg1 Kh5 64. Kh1 g5 65. Kg1 h3 66. Kh1
g4 67. Kg1 Kh4 68. Rb1 Ra4 69. Rc1 g3 70. Rb1 h2+ 71. Kg2 Ra2+ 72. Kf3 Kh3 73.
Rc1 Rf2+ 74. Ke3 Rf8 {White resigns} 0-1

[Event "Team 45 45 League T28"]
[Site "Internet Chess Club"]
[Date "2005.09.25"]
[Round "2"]
[White "MrPetrov"]
[Black "searchforbobby1"]
[Result "1-0"]
[WhiteElo "2306"]
[BlackElo "2079"]
[TimeControl "2700+45"]

1. e4 c5 2. Nf3 Nc6 3. Nc3 e5 4. Bc4 Be7 5. d3 d6 6. Nd2 Bg5 7. h4 Bh6 8. Qh5 g6
9. Qd1 Nf6 10. h5 Bg4 11. f3 Be6 12. hxg6 hxg6 13. Bxe6 fxe6 14. Nc4 Bg7 15.
Rxh8+ Bxh8 16. Nb5 d5 17. Ncd6+ Kd7 18. exd5 exd5 19. Nxb7 Qb6 20. N5d6 Rb8 21.
Be3 d4 22. Bg5 Rxb7 23. Nxb7 Qxb7 24. b3 Nb4 25. Kf2 Qd5 26. Qh1 e4 27. Qh3+ Ke7
28. Bxf6+ Bxf6 29. fxe4 Qg5 30. Qh7+ Kd6 31. Qxa7 Qe3+ 32. Kf1 Qf4+ 33. Ke2 Bg5
34. Qb8+ Ke7 35. Qxf4 Bxf4 36. Kd1 Kd6 37. a3 Nc6 38. Ke2 g5 39. Rh1 Kc7 40. Rh3
Bc1 41. Kd1 Bf4 42. Rh6 Be3 43. Rg6 Bf4 44. Rg7+ Kb6 45. Rd7 Ne5 46. Rd6+ Kc7
47. Rd5 Ng4 48. Rxc5+ Kb6 49. b4 Ne3+ 50. Ke2 Nxg2 51. Kf3 Ne3 52. a4 Bd6 53.
a5+ Kb7 54. Rb5+ Ka7 55. c4 dxc3 56. Kxe3 Bf4+ 57. Kf3 c2 58. Rc5 c1=Q 59. Rxc1
Bxc1 60. b5 Bd2 61. Kg4 Kb7 62. a6+ Kb6 63. e5 Bc3 64. e6 Bf6 65. d4 Be7 66. d5
Ka7 67. Kf5 Kb6 68. Ke5 Kc7 69. a7 {Black resigns} 1-0

[Event "Team 45 45 League T28"]
[Site "Internet Chess Club"]
[Date "2005.09.24"]
[Round "2"]
[White "Gregorio"]
[Black "achessman"]
[Result "1-0"]
[WhiteElo "2172"]
[BlackElo "2091"]
[TimeControl "2700+45"]

1. e4 e5 2. Nf3 Nf6 3. Nxe5 d6 4. Nf3 Nxe4 5. d3 Nf6 6. Nc3 Nc6 7. h3 Be7 8. d4
d5 9. Bf4 O-O 10. Bb5 Bd6 11. Ne5 Bd7 12. Nxd7 Qxd7 13. Be3 a6 14. Bd3 b5 15. a3
Rfe8 16. O-O Kh8 17. Qf3 Bf8 18. Bf5 Qd6 19. Rad1 g6 20. Bf4 Qd8 21. Bg4 Ne4 22.
Nxe4 Rxe4 23. Qg3 Nxd4 24. Bxc7 Qe7 25. Bb6 Ne2+ 26. Bxe2 Rxe2 27. Qc3+ Kg8 28.
Be3 Qe4 29. Qc6 Rd8 30. Qxa6 Qxc2 31. Qxb5 Qxb2 32. Qa5 Rd7 33. Rb1 Qxa3 34. Qb5
Rxe3 35. Qxd7 Re5 36. Rb7 Rf5 37. Rb5 Qa2 38. g4 Rf3 39. Qxd5 Qxd5 40. Rxd5 Rxh3
41. f3 h5 42. gxh5 Rxh5 43. Rxh5 gxh5 44. Kf2 h4 45. Ke3 Kg7 46. Kf4 Bd6+ 47.
Kg4 Bg3 48. Ra1 Kg6 49. Ra6+ Kg7 50. f4 Bf2 51. Ra2 Bg3 52. f5 Kf6 53. Ra6+ Kg7
54. Kh5 Bf2 55. f6+ Kh7 56. Ra3 Bg3 57. Kg5 Bf2 58. Rb3 Bg3 59. Rb7 Kg8 60. Rb3
Kh7 61. Rd3 Bf2 62. Rd7 Kg8 63. Rd8+ Kh7 64. Rf8 h3 65. Rxf7+ Kg8 66. Kg6 Bh4
67. Rc7 {Black resigns} 1-0

[Event "Team 45 45 League T28"]
[Site "Internet Chess Club"]
[Date "2005.09.25"]
[Round "2"]
[White "MSStateBulldog"]
[Black "Quoyle"]
[Result "0-1"]
[WhiteElo "2420"]
[BlackElo "2443"]
[TimeControl "2700+45"]

1. e4 c6 2. d4 d5 3. e5 Bf5 4. Nf3 e6 5. Be2 c5 6. Be3 cxd4 7. Nxd4 Ne7 8. Bg5
Qa5+ 9. c3 Nbc6 10. Bb5 h6 11. Bxe7 Bxe7 12. a4 Qc7 13. Nxf5 exf5 14. f4 a6 15.
Bd3 O-O 16. g4 Bh4+ 17. Kf1 f6 18. gxf5 fxe5 19. Qg4 e4 20. Be2 Qb6 21. Qxh4
Rxf5 22. Nd2 Raf8 23. Qg3 Rxf4+ 24. Ke1 e3 25. Rb1 exd2+ 26. Kxd2 d4 27. Rhg1
Qc7 28. Rbf1 dxc3+ 29. bxc3 Qd7+ 30. Kc2 Rxa4 31. Bg4 Qe7 32. Be6+ Kh8 33. Rxf8+
Qxf8 34. Qg6 Rf4 35. Bd5 Ne7 36. Qe6 Nxd5 37. Qxd5 Qf5+ 38. Qxf5 Rxf5 39. Rg6
Rf2+ 40. Kd3 b5 41. h4 Rf3+ 42. Kc2 Rf4 43. Rxa6 Rxh4 44. Rb6 Rh5 45. Kb3 Rg5
46. Kb4 h5 47. c4 bxc4 48. Kxc4 Re5 49. Kd4 Re7 {White resigns} 0-1

[Event "Team 45 45 League T28"]
[Site "Internet Chess Club"]
[Date "2005.09.21"]
[Round "2"]
[White "phoenix10q72"]
[Black "onslaught"]
[Result "1/2-1/2"]
[WhiteElo "2346"]
[BlackElo "2193"]
[TimeControl "2700+45"]

1. e4 e5 2. Bc4 Nf6 3. d3 c6 4. Nf3 Be7 5. O-O d6 6. Nbd2 O-O 7. Re1 Nbd7 8. a3
Re8 9. Nf1 Bf8 10. Ng3 g6 11. Ba2 Bg7 12. h3 Nf8 13. Ng5 Ne6 14. Kh1 Nxg5 15.
Bxg5 Be6 16. Bxe6 Rxe6 17. c3 h6 18. Be3 d5 19. Qb3 Qd7 20. Rad1 h5 21. f3 b6
22. Bg5 Nh7 23. Bc1 Rd8 24. Ne2 Rd6 25. Rf1 Bf6 26. d4 dxe4 27. fxe4 Qe6 28.
Qxe6 fxe6 29. Be3 exd4 30. cxd4 e5 31. Rd2 exd4 32. Bf4 Re6 33. e5 Bxe5 34. Bxe5
Rxe5 35. Rxd4 Rxd4 36. Nxd4 c5 37. Nb5 Re2 38. b4 c4 39. Nxa7 c3 40. Rc1 c2 41.
Nb5 Rd2 42. Kh2 Ng5 43. a4 Nf3+ 44. Kg3 Ne5 45. Na3 Rd3+ 46. Kf4 Rxa3 47. Kxe5
Rxa4 48. Rxc2 Rxb4 49. Kf6 Kh7 50. g3 Rb3 51. g4 hxg4 52. hxg4 Rf3+ 53. Kg5 Rf7
54. Rc6 Rb7 55. Rxg6 b5 56. Rh6+ Kg8 57. Rh3 b4 58. Rb3 Kf7 59. Kf5 Rb5+ 60. Ke4
Ke6 61. Kd4 Rg5 62. Rxb4 Rxg4+ 63. Kc5 Rxb4 64. Kxb4 {Game drawn because neither
player has mating material} 1/2-1/2

[Event "Team 45 45 League T28"]
[Site "Internet Chess Club"]
[Date "2005.09.24"]
[Round "2"]
[White "kikian"]
[Black "jorobo"]
[Result "0-1"]
[WhiteElo "2072"]
[BlackElo "2196"]
[TimeControl "2700+45"]

1. e4 e6 2. d3 d5 3. Nd2 Nf6 4. Ngf3 Nc6 5. e5 Nd7 6. Qe2 f6 7. d4 fxe5 8. dxe5
Be7 9. Nb3 O-O 10. Bd2 a5 11. Nbd4 Ndxe5 12. Nxe5 Nxd4 13. Qd3 c5 14. c3 Nc6 15.
Nf3 e5 16. Qc2 e4 17. Ng1 Bf5 18. Qa4 Ne5 19. Be2 Bd7 20. Qc2 a4 21. f3 Bf5 22.
g4 Bg6 23. Be3 exf3 {White resigns} 0-1

[Event "Team 45 45 League T28"]
[Site "Internet Chess Club"]
[Date "2005.09.26"]
[Round "2"]
[White "Kingofknights"]
[Black "DTK"]
[Result "0-1"]
[WhiteElo "1676"]
[BlackElo "2003"]
[TimeControl "2700+45"]

1. d4 Nf6 2. c4 c5 3. d5 b5 4. cxb5 a6 5. b6 e6 6. dxe6 fxe6 7. b3 Qxb6 8. Bb2
Be7 9. Qc2 Nc6 10. Nf3 d5 11. Nbd2 O-O 12. g3 Bd7 13. Ne5 Nxe5 14. Bxe5 Ng4 15.
Nf3 Rxf3 16. exf3 Nxe5 17. Qe2 Qb4+ 18. Kd1 Qd4+ {White resigns} 0-1

[Event "Team 45 45 League T28"]
[Site "Internet Chess Club"]
[Date "2005.09.22"]
[Round "2"]
[White "f5"]
[Black "Michael-player"]
[Result "1/2-1/2"]
[WhiteElo "2349"]
[BlackElo "2332"]
[TimeControl "2700+45"]

1. e4 e6 2. d4 d5 3. Nc3 dxe4 4. Nxe4 Nd7 5. Nf3 Ngf6 6. Nxf6+ Nxf6 7. Bd3 Be7
8. Bg5 h6 9. Bxf6 Bxf6 10. c3 Qd6 11. Qe2 Bd7 12. Ne5 Bxe5 13. dxe5 Qc5 14.
O-O-O O-O-O 15. f4 Ba4 16. Bc2 Bb5 17. Qf3 Bc4 18. Kb1 Qa5 19. Bb3 Bxb3 20. axb3
Qb5 21. Kc2 c6 22. h4 Kb8 23. h5 Qc5 24. g4 Rd5 25. Rxd5 cxd5 26. Rd1 Rc8 27.
Kb1 Qb6 28. b4 Qd8 29. f5 Qe8 30. Rd4 Qe7 31. Qf4 Qe8 32. f6 Qh8 33. Qf3 gxf6
34. exf6 Ka8 35. Qf4 Re8 36. Qe5 Rc8 37. b5 Qd8 38. Qf4 Qb6 39. Qxh6 Qxb5 40.
Qc1 e5 41. Rb4 Qd3+ 42. Qc2 Qf1+ 43. Ka2 Qxf6 44. Qb3 Rd8 45. Rb5 Qc6 46. Qb4 d4
47. Rxe5 d3 48. Re1 d2 49. Rd1 Qa6+ 50. Kb3 Qe2 51. Kc2 Qe3 52. Qc4 Kb8 53. b4
f6 54. Kb2 a6 55. Kc2 Rd7 56. Qg8+ Ka7 {Game drawn by mutual agreement} 1/2-1/2

[Event "Team 45 45 League T28"]
[Site "Internet Chess Club"]
[Date "2005.09.24"]
[Round "2"]
[White "NFork"]
[Black "VentasD"]
[Result "1-0"]
[WhiteElo "2217"]
[BlackElo "2179"]
[TimeControl "2700+45"]

1. e4 c5 2. c3 d5 3. exd5 Qxd5 4. d4 Nf6 5. Nf3 Bg4 6. Be2 e6 7. O-O Nc6 8. Be3
cxd4 9. cxd4 Bb4 10. h3 Bh5 11. Nc3 Bxc3 12. bxc3 O-O 13. Qa4 Qa5 14. Qxa5 Nxa5
15. g4 Bg6 16. Ne5 Rac8 17. Rac1 Nc6 18. Nxg6 hxg6 19. c4 Rfd8 20. Rfd1 Rd7 21.
d5 Ne7 22. g5 Ne8 23. dxe6 Rxd1+ 24. Rxd1 fxe6 25. Rd7 Rc7 26. Rxc7 Nxc7 27.
Bxa7 Kf7 28. Bf3 Nc6 29. Bxc6 bxc6 30. Bd4 Na6 31. a4 c5 32. Be5 Ke7 33. Kf1 Nb4
34. Bxg7 Nc6 35. Ke2 e5 36. Kd3 Ke6 37. Ke4 Na5 38. Kd3 Kf5 39. f3 Kf4 40. h4
Nc6 41. Ke2 Nd4+ 42. Kf2 Nxf3 43. Bf8 Nd2 44. h5 gxh5 45. g6 Ne4+ 46. Kg2 Nf6
47. a5 Kg5 48. a6 {Black resigns} 1-0

[Event "Team 45 45 League T28"]
[Site "Internet Chess Club"]
[Date "2005.09.26"]
[Round "2"]
[White "trevor21"]
[Black "ChessyStud"]
[Result "0-1"]
[WhiteElo "2008"]
[BlackElo "2130"]
[TimeControl "2700+45"]

1. d4 c6 2. c4 Qc7 3. Nc3 d6 4. e4 e5 5. d5 Nf6 6. f3 Nbd7 7. Be3 Be7 8. Qd2 O-O
9. Bd3 Nc5 10. Bc2 Rd8 11. Nge2 Bf8 12. O-O a5 13. a3 cxd5 14. exd5 a4 15. Kh1
g6 16. Rac1 Nfd7 17. Nb5 Qb8 18. Nec3 b6 19. Bh6 Be7 20. g4 Ba6 21. f4 Rc8 22.
f5 Nb3 23. Bxb3 axb3 24. fxg6 hxg6 25. Qe2 Qb7 26. Rf3 f6 27. Qe4 Kh7 28. Rh3 f5
29. gxf5 Nf6 30. fxg6+ Kg8 31. Qf5 Qd7 32. Qxd7 Nxd7 33. Ne4 Bxb5 34. cxb5 Rxc1+
35. Bxc1 Ra4 36. Nc3 Rd4 37. Be3 Rd3 38. Kg2 Rxc3 39. bxc3 b2 40. g7 b1=Q 41.
Rh8+ Kxg7 {White resigns} 0-1

[Event "Team 45 45 League T28"]
[Site "Internet Chess Club"]
[Date "2005.09.25"]
[Round "2"]
[White "ScoutKnight"]
[Black "Kolibri"]
[Result "1/2-1/2"]
[WhiteElo "2074"]
[BlackElo "2114"]
[TimeControl "2700+45"]

1. e4 c5 2. Nf3 d6 3. c3 Nf6 4. Be2 Nc6 5. d4 cxd4 6. cxd4 d5 7. e5 Ne4 8. O-O
e6 9. Bd3 Be7 10. Nc3 f5 11. Be3 O-O 12. Ne2 g5 13. Ne1 g4 14. f3 gxf3 15. Nxf3
Kh8 16. Bb5 Rg8 17. Bxc6 bxc6 18. Qa4 Qb6 19. Nf4 Bd7 20. Rab1 Rad8 21. Rfc1 c5
22. dxc5 Bxc5 23. Bxc5 Nxc5 24. Qd4 Rc8 25. Nxd5 Nb3 26. Nxb6 Rxc1+ 27. Rxc1
Nxd4 28. Nxd4 axb6 29. Rc7 Rd8 30. Kf2 Bc8 31. Ke3 Ba6 32. Nxe6 Re8 33. Ng5
Rxe5+ 34. Kf4 Re2 35. Rxh7+ Kg8 36. Ra7 Bd3 37. Ra3 Bc4 38. b3 Bd5 39. Kxf5 Rxg2
40. h4 Rh2 41. Kg4 Rg2+ 42. Kh5 Kg7 43. Ra7+ Kf6 44. Ra6 Kf5 45. Rxb6 Rxa2 46.
Rb5 Ke5 47. Kg6 Rb2 48. b4 Kd6 49. h5 Bc6 50. Nf7+ Kc7 51. Rc5 Kb6 52. Rc4 Rf2
53. Nd6 Rd2 54. Ne4 Be8+ 55. Kh6 Rh2 56. Nf6 Bxh5 57. Nxh5 Kb5 58. Rg4 Rb2 59.
Nf6 Rxb4 60. Rg5+ Kc6 61. Kg6 Rb1 62. Kf7 Rf1 63. Re5 Kd6 64. Re6+ Kc5 65. Ke7
Kd4 66. Kd6 Ra1 67. Re4+ Kd3 68. Rh4 Ra8 69. Nd7 Rd8 70. Kc6 Ke3 71. Nb6 Kd3 72.
Rh1 Ke4 73. Nc4 Rc8+ 74. Kb5 Rc7 75. Nd6+ Kd5 76. Rd1+ Ke6 77. Ne4 Ke5 78. Nd6
Ke6 79. Kb6 Rc2 80. Ne4 Ke5 81. Re1 Kd5 82. Nf6+ Kd6 83. Ne8+ Kd7 {Game drawn by
mutual agreement} 1/2-1/2

[Event "Team 45 45 League T28"]
[Site "Internet Chess Club"]
[Date "2005.09.22"]
[Round "2"]
[White "nursey"]
[Black "Chessnut"]
[Result "0-1"]
[WhiteElo "1558"]
[BlackElo "1699"]
[TimeControl "2700+45"]

1. d4 d5 2. c4 c6 3. Nf3 Nf6 4. Nc3 e6 5. e3 Be7 6. cxd5 exd5 7. Bd3 O-O 8. O-O
Nbd7 9. b3 Nb6 10. Ne5 Nbd7 11. Nxd7 Bxd7 12. Bb2 Qc7 13. Rc1 Ng4 14. g3 Qd6 15.
Qc2 Qh6 16. h4 Bxh4 17. gxh4 Qxh4 18. Rfe1 Qh2+ 19. Kf1 Nf6 20. Ba3 Bg4 21. f3
Bh3+ {White resigns} 0-1

[Event "Team 45 45 League T28"]
[Site "Internet Chess Club"]
[Date "2005.09.25"]
[Round "2"]
[White "MrShaw"]
[Black "mickeys"]
[Result "1-0"]
[WhiteElo "1718"]
[BlackElo "1673"]
[TimeControl "2700+45"]

1. e4 c5 2. Nf3 Nc6 3. d4 cxd4 4. Nxd4 Nf6 5. Nc3 g6 6. Be3 d6 7. Be2 Bg7 8. O-O
O-O 9. Qd2 Ng4 10. Nxc6 bxc6 11. Bxg4 Bxg4 12. Bh6 Qb6 13. Bxg7 Kxg7 14. Na4 Qc7
15. c4 Be6 16. b3 Rfd8 17. f4 f5 18. Qb2+ Kg8 19. Rfe1 a5 20. Qe2 Bc8 21. exf5
Bxf5 22. Qxe7 Rd7 23. Qg5 Kg7 24. Re3 Qd8 25. Qxd8 Raxd8 26. h3 h5 27. Rae1 Kf7
28. Kf2 Ra7 29. Nc3 Rdd7 30. Kf3 Re7 31. Rxe7+ Rxe7 32. Rxe7+ Kxe7 33. g4 hxg4+
34. hxg4 Bd3 35. Ke3 Bf1 36. Ne4 d5 37. cxd5 cxd5 38. Nc5 Bb5 39. Kd4 Kd6 40.
Nb7+ Ke6 41. Nxa5 Be2 42. f5+ gxf5 43. gxf5+ Kxf5 44. Kxd5 Bf3+ 45. Kd6 Ke4 46.
Kc5 Bh5 47. b4 Bf7 48. a4 {Black resigns} 1-0

[Event "Team 45 45 League T28"]
[Site "Internet Chess Club"]
[Date "2005.09.25"]
[Round "2"]
[White "mal57"]
[Black "jacknor"]
[Result "1-0"]
[WhiteElo "1483"]
[BlackElo "1604"]
[TimeControl "2700+45"]

1. c4 e6 2. d4 d5 3. c5 Be7 4. Nf3 Nf6 5. Ne5 c6 6. e3 O-O 7. Bd3 Nbd7 8. Ng4
Nxg4 9. Qxg4 e5 10. Qh3 exd4 11. Qxh7# {Black checkmated} 1-0  bedlam(345):
Adjourned surely refers to a started game whereas postponed refers to one not
started :)

[Event "Team 45 45 League T28"]
[Site "Internet Chess Club"]
[Date "2005.09.24"]
[Round "2"]
[White "EyeAm"]
[Black "BosqueVerde"]
[Result "1-0"]
[WhiteElo "1362"]
[BlackElo "1170"]
[TimeControl "2700+45"]

1. e4 e6 2. d4 d5 3. exd5 exd5 4. c4 Nf6 5. Nc3 c6 6. Nf3 Bd6 7. Bg5 O-O 8. Be2
h6 9. Bxf6 Qxf6 10. O-O dxc4 11. Bxc4 b5 12. Ne4 Qg6 13. Nxd6 Bh3 14. Nh4 Qg5
15. Nxf7 Qxh4 16. Nxh6+ Kh7 17. Bd3+ g6 18. gxh3 Kxh6 19. Qg4 Qf6 20. Rae1 c5
21. Re6 g5 22. Rxf6+ Rxf6 23. dxc5 Nc6 24. f4 Rg8 25. fxg5+ Rxg5 26. Rxf6+ Kg7
27. Qxg5+ {Black resigns} 1-0

[Event "Team 45 45 League T28"]
[Site "Internet Chess Club"]
[Date "2005.09.25"]
[Round "2"]
[White "chivo"]
[Black "GhostMate"]
[Result "1-0"]
[WhiteElo "1671"]
[BlackElo "1638"]
[TimeControl "2700+45"]

1. e4 e5 2. Nf3 d6 3. Bd3 Nc6 4. c3 Bg4 5. Bc2 g6 6. d3 Bg7 7. Nbd2 Nge7 8. O-O
Qd7 9. Re1 O-O-O 10. b4 f5 11. h3 Bxf3 12. Qxf3 fxe4 13. dxe4 Rdf8 14. Qg4 Qxg4
15. hxg4 d5 16. Nf3 d4 17. Bb2 dxc3 18. Bxc3 Nd4 19. Bxd4 exd4 20. Rad1 Nc6 21.
a3 Rf4 22. g5 h6 23. e5 hxg5 24. Nxg5 Nxe5 25. g3 Rg4 26. Rxe5 Bxe5 27. Nf7 Re8
28. Re1 Kd7 29. Nxe5+ Kd8 30. Nf7+ Kd7 31. Rxe8 Kxe8 32. Ne5 Rg5 33. Nxg6 Kf7
34. Nf4 Kf6 35. Kg2 b6 36. Kf3 a5 37. bxa5 bxa5 38. Ke4 c5 39. a4 Re5+ 40. Kd3
Kf5 41. Kc4+ Kg4 42. Nd3 Kg5 43. Nxe5 {Black resigns} 1-0